Cogmind - Beta 11.1 @@@ ROGUE MODE // 2022.05.31 @ 18:28:05 Player: Okkudo Result: Destroyed by S-10 Pest with Light Assault Rifle Performance ------------- Evolutions (1) 500 Regions Visited (3) 600 Robots Destroyed (22) 110 Value Destroyed (419) 419 Prototype IDs (0) 0 Alien Tech Used (0) 0 Bonus (0) 0 TOTAL SCORE: 1629 Bonus ------- None Cogmind --------- Core Integrity 0/400 Matter 70/300 Energy 100/100 System Corruption 0% Temperature Cool (0) Movement Core (100) Ox1 Location -9/Materials Parts ------- > --- POWER (1) -------- (None) > --- PROPULSION (2) --- (None) > --- UTILITY (4) ------ Small Storage Unit Hacking Suite > --- WEAPON (2) ------- (None) > --- INVENTORY (8) ---- Datajack Peak State ------------ > --- POWER ------------ Light Ion Engine > --- PROPULSION ------- Aluminum Leg Aluminum Leg > --- UTILITY ---------- Small Storage Unit Medium Armor Plating Hacking Suite > --- WEAPON ----------- Assault Rifle Assault Rifle > --- INVENTORY -------- Aluminum Leg Light Assault Rifle Rocket Launcher Rocket Launcher Datajack Mining Laser [Rating: 11] Favorites ----------- Power Light Ion Engine Engine Light Ion Engine Propulsion Aluminum Leg Leg Aluminum Leg Utility Small Storage Unit Storage Small Storage Unit Hackware Hacking Suite Protection Medium Armor Plating Weapon Assault Rifle Ballistic Gun Assault Rifle Launcher Rocket Launcher Special Weapon Mining Laser Special Melee Weapon Datajack Build | -11 -10 -10 -9 ------- Run | Scr Mat Min Mat Slots Evolved 2 | . . . 2 Power . | . . . . Propulsion . | . . . . Utility 2 | . . . 2 Weapon . | . . . . Parts Attached 18 | 7 1 . 10 Power 1 | 1 . . . Engine 1 | 1 . . . Core . | . . . . Reactor . | . . . . Propulsion 3 | 2 . . 1 Treads . | . . . . Leg 3 | 2 . . 1 Wheel . | . . . . Hover . | . . . . Flight . | . . . . Utility 3 | 1 1 . 1 Device . | . . . . Storage 1 | 1 . . . Processor . | . . . . Hackware 1 | . . . 1 Protection 1 | . 1 . . Artifact . | . . . . Weapon 11 | 3 . . 8 Energy Gun . | . . . . Energy Cannon . | . . . . Ballistic Gun 7 | 3 . . 4 Ballistic Cannon . | . . . . Launcher 2 | . . . 2 Special Weapon 1 | . . . 1 Impact Weapon . | . . . . Slashing Weapon . | . . . . Piercing Weapon . | . . . . Special Melee Weapon 1 | . . . 1 Unidentified Prototypes . | . . . . Parts Lost 11 | . . . 11 Power 1 | . . . 1 Propulsion 3 | . . . 3 Utility 1 | . . . 1 Weapon 6 | . . . 6 Highest Loss Streak 10 | . . . 10 To Critical Strikes . | . . . . Average Slot Usage (%) 73 | . 89 100 60 Engine 9 | . 14 14 5 Leg 19 | . 28 28 13 Storage 12 | . 14 14 11 Hackware 4 | . . . 8 Protection 5 | . 4 14 5 Ballistic Gun 19 | . 28 28 12 Special Melee Weapon 1 | . . . 2 Naked Turns . | . . . . Heaviest Build 19 | 12 19 19 19 Greatest Support 20 | 20 20 20 20 Greatest Overweight (x) 2 | . . . 2 Average Overweight (x) . | . . . . Largest Inventory Capacity 8 | 8 8 8 8 Average Capacity 7 | 6 8 8 8 Most Carried 7 | 3 7 7 7 Average Carried 3 | . 3 7 4 Final Capacity 8 | 8 8 8 8 Final Carried 7 | 1 7 7 1 Class Distribution -------------------- 100% | Mutant Dominant Class ---------------- Mutant | -10/Materials Mutant | -10/Mines Mutant | -9/Materials Resources | -11 -10 -10 -9 ----------- Run | Scr Mat Min Mat Matter Collected 478 | 252 195 . 31 Remotely . | . . . . Salvage Created 512 | 59 262 . 191 Parts 40 | . 17 . 23 Haulers Intercepted 1 | . 1 . . Recyclers Shooed 5 | . 3 . 2 Parts Field Recycled . | . . . . Retrieved Matter . | . . . . Parts Self-Destructed . | . . . . Prevented . | . . . . Kills | -11 -10 -10 -9 ------- Run | Scr Mat Min Mat Combat Hostiles Destroyed 14 | . 4 . 10 Guns 6 | . 4 . 2 Cannons 1 | . . . 1 AOE 7 | . . . 7 Classes Destroyed 8 | 1 3 . 4 Worker 2 | . . . 2 Builder 1 | . . . 1 Hauler 1 | . 1 . . Recycler 3 | 1 1 . 1 Operator 1 | . 1 . . Swarmer 6 | . . . 6 Grunt 4 | . 4 . . Sentry 4 | . . . 4 Best Kill Streak 12 | 1 3 . 12 Combat Bots Only 8 | . 1 . 8 Max Kills in Single Turn 4 | 1 1 . 4 Gunslinging . | . . . . Exploded 3 | . . . 3 Melee . | . . . . Uniques/NPCs Destroyed . | . . . . Combat | -11 -10 -10 -9 -------- Run | Scr Mat Min Mat Damage Taken 1490 | . 183 . 1307 Core 414 | . 10 . 404 Absorbed by Shields . | . . . . Core Remaining (%) 98 | 100 . 96 . Volleys Fired 61 | 9 31 . 21 Largest 2 | 2 2 . 2 Hottest 120 | 40 40 . 120 Shots Fired 109 | 18 62 . 29 Gun 96 | 18 62 . 16 Cannon . | . . . . Launcher 11 | . . . 11 Special 2 | . . . 2 Kinetic 96 | 18 62 . 16 Thermal 2 | . . . 2 Explosive 11 | . . . 11 Electromagnetic . | . . . . Robot Hit Streak 8 | 7 5 . 8 Robot Miss Streak 4 | 2 4 . 1 Penetration Max . | . . . . Secondary Targets . | . . . . Shots Hit Robots 71 | 14 36 . 21 Core Hits 40 | 2 13 1 24 Critical Kills . | . . . . Critical Parts Destroyed 1 | . 1 . . Critical Strikes 1 | . 1 . . Destroy 1 | . 1 . . Melee Attacks . | . . . . Impact . | . . . . Slashing . | . . . . Piercing . | . . . . Sneak Attacks . | . . . . Combat Hostiles . | . . . . Follow-up Attacks . | . . . . Damage Inflicted 1704 | 147 439 9 1109 Guns 730 | 147 439 . 144 Cannons . | . . . . Explosions 941 | . . . 941 Melee . | . . . . Ramming 9 | . . 9 . Kinetic 730 | 147 439 . 144 Thermal 24 | . . . 24 Explosive 941 | . . . 941 Electromagnetic . | . . . . Impact . | . . . . Slashing . | . . . . Piercing . | . . . . Highest Corruption . | . . . . Average Corruption . | . . . . Corruption Purged . | . . . . Corruption Blocked . | . . . . Overload Shots . | . . . . Overflow Damage 18 | . . . 18 Projectiles . | . . . . Explosions 18 | . . . 18 Melee . | . . . . Knockbacks . | . . . . Impact . | . . . . Kinetic . | . . . . Secondary . | . . . . Self-Inflicted Damage 57 | . . . 57 Shots 3 | . . . 3 Rammed . | . . . . Targets Rammed 1 | . . 1 . Kicked 1 | . . 1 . Crushed . | . . . . Highest Temperature 42 | . . . 42 Average Temperature 19 | . . . 19 Received Heat Transfer 399 | . 102 . 297 Siege Activations . | . . . . Robots Corrupted . | . . . . Combat Hostiles . | . . . . Parts Fried . | . . . . Impact Corruptions . | . . . . Robots Melted . | . . . . Combat Hostiles . | . . . . Parts Melted . | . . . . Heat Transferred 50 | . . . 50 Parts Sabotaged . | . . . . Parts Stolen . | . . . . Parts Stripped . | . . . . Power Chain Reactions . | . . . . Missiles Intercepted . | . . . . Alert | -11 -10 -10 -9 ------- Run | Scr Mat Min Mat Peak Influence 389 | 5 140 54 389 Initial 54 | . 3 54 20 Average 129 | 3 90 54 199 Maximum Alert Level 1 | . . . 1 Low Security (%) 77 | 100 100 100 54 Level 1 22 | . . . 45 Level 2 . | . . . . Level 3 . | . . . . Level 4 . | . . . . Level 5 . | . . . . High Security . | . . . . Max Security . | . . . . Squads Dispatched 3 | . 1 . 2 Investigation 1 | . . . 1 Extermination . | . . . . Reinforcement 2 | . 1 . 1 Assault . | . . . . Garrison . | . . . . Intercept . | . . . . Searches Triggered . | . . . . Construction Impeded . | . . . . Haulers Reinforced . | . . . . Active Scanning Responses . | . . . . Cargo Convoy Interrupts . | . . . . Stealth | -11 -10 -10 -9 --------- Run | Scr Mat Min Mat Distress Signals 1 | . . . 1 Communications Jammed . | . . . . Distress Signals . | . . . . Times Spotted 25 | . 6 . 19 Peak Tracking Total 10 | . 2 . 10 Tactical Retreats 1 | . . . 1 Traps | -11 -10 -10 -9 ------- Run | Scr Mat Min Mat Traps Triggered 1 | . . . 1 Indirectly . | . . . . Trap Hack Attempts . | . . . . Triggered . | . . . . Disarmed . | . . . . Reprogrammed . | . . . . Reused . | . . . . Traps Extracted . | . . . . Installed . | . . . . Triggered . | . . . . Machines | -11 -10 -10 -9 ---------- Run | Scr Mat Min Mat Machines Disabled . | . . . . Max in Single Turn . | . . . . Machines Sabotaged . | . . . . Garrisons Compromised . | . . . . Overloaded Fab Kills . | . . . . Hacking | -11 -10 -10 -9 --------- Run | Scr Mat Min Mat Machines Accessed 1 | . . . 1 Terminals 1 | . . . 1 Fabricators . | . . . . Repair Stations . | . . . . Recycling Units . | . . . . Scanalyzers . | . . . . Garrison Access . | . . . . Total Hacks 3 | . . . 3 Successful 1 | . . . 1 Failed 2 | . . . 2 Catastrophic . | . . . . Database Lockouts . | . . . . Manual . | . . . . Terminals 3 | . . . 3 Fabricators . | . . . . Repair Stations . | . . . . Recycling Units . | . . . . Scanalyzers . | . . . . Garrison Access . | . . . . Terminal Hacks 1 | . . . 1 Zone Layout 1 | . . . 1 Fabricator Hacks . | . . . . Repair Station Hacks . | . . . . Recycling Unit Hacks . | . . . . Scanalyzer . | . . . . Garrison Access Hacks . | . . . . Unauthorized Hacks . | . . . . Terminals . | . . . . Fabricators . | . . . . Repair Stations . | . . . . Recycling Units . | . . . . Scanalyzers . | . . . . Garrison Access . | . . . . Data Cores Recovered . | . . . . Used . | . . . . Hacking Detections 1 | . . . 1 Full Trace Events 1 | . . . 1 Feedback Events . | . . . . Feedback Blocked . | . . . . Robot Schematics Acquired . | . . . . Robots Built . | . . . . Authchips . | . . . . Time . | . . . . Total Robot Build Rating . | . . . . Part Schematics Acquired . | . . . . Parts Built . | . . . . Authchips . | . . . . Time . | . . . . Total Part Build Rating . | . . . . Parts Repaired . | . . . . Time . | . . . . Parts Recycled . | . . . . Recycled Matter . | . . . . Retrieved Matter . | . . . . Retrieved Components . | . . . . Parts Scanalyzed . | . . . . Part Schematics Acquired . | . . . . Parts Damaged . | . . . . Bothacking | -11 -10 -10 -9 ------------ Run | Scr Mat Min Mat Used RIF Installer . | . . . . Robots Hacked . | . . . . Non-combat . | . . . . Combat . | . . . . Robot Hacks Applied . | . . . . Relay Couplers Released . | . . . . Fabnet Peak Effective % . | . . . . Robots Rewired . | . . . . Allies Hacked . | . . . . Hacks Repelled . | . . . . Allies | -11 -10 -10 -9 -------- Run | Scr Mat Min Mat Total Allies . | . . . . Largest Group . | . . . . Highest-Rated Group . | . . . . Highest-Rated Ally . | . . . . Total Orders . | . . . . Ally Attacks . | . . . . Total Damage . | . . . . Kills . | . . . . Allies Corrupted . | . . . . Allies Melted . | . . . . Intel | -11 -10 -10 -9 ------- Run | Scr Mat Min Mat Robot Analysis Total . | . . . . Derelict Logs Recovered . | . . . . Drone Launches . | . . . . Drone Recoveries . | . . . . Exploration | -11 -10 -10 -9 ------------- Run | Scr Mat Min Mat Turns Passed 784 | 111 258 35 380 Spaces Moved 470 | 60 129 29 252 Core 105 | 7 . . 98 Treads . | . . . . Legs 365 | 53 129 29 154 Wheels . | . . . . Hover . | . . . . Flight . | . . . . Fastest Speed 50 | 50 120 120 100 Average Speed 115 | 111 120 120 114 Slowest Speed 150 | 120 120 120 150 Overloaded Moves . | . . . . Propulsion Burnouts . | . . . . Robots Hopped . | . . . . Cave-ins Triggered . | . . . . Exploration Rate (%) 19 | 4 26 16 32 Regions Visited 3 Branch Regions 1 Pre-discovered Areas . | . . . . Known Exits Taken . | . . . . Unknown Exits Taken 3 | 1 1 1 . Scrap Searched . | . . . . Spaces Dug . | . . . . Terrain Destroyed 46 | . . . 46 Melee . | . . . . Projectile 1 | . . . 1 AOE 45 | . . . 45 Terrain Rammed . | . . . . Walls Destroyed . | . . . . Machines Disabled . | . . . . Actions | -11 -10 -10 -9 --------- Run | Scr Mat Min Mat Total 596 | 87 170 29 310 Wait 35 | 5 3 . 27 Move 467 | 59 128 28 252 Hop . | . . . . Pick Up 14 | 7 7 . . Fast Attach . | . . . . Attach 13 | 6 1 . 6 Detach . | . . . . Swap 5 | 1 . . 4 Drop . | . . . . Fire 61 | 9 31 . 21 Melee . | . . . . Ram . | . . . . Kick 1 | . . 1 . Crush . | . . . . Escape Stasis . | . . . . Rewire . | . . . . Trap . | . . . . Miscellaneous . | . . . . Route ------- -11/Scrapyard -10/Materials -10/Mines -9/Materials (discovered 1 exit: [*Mat]) History --------- Turn | Location | Event 6 | -11/Scrapyard | Discovered new exit (range 14) 112 | -11/Scrapyard | Entered Materials 320 | -10/Materials | Build established: Mutant 359 | -10/Materials | Discovered new exit (range 6) 370 | -10/Materials | Entered Mines 388 | -10/Mines | Discovered new exit (range 12) 405 | -10/Mines | Entered Materials 405 | -9/Materials | Evolved 2 slots: Utility x2 642 | -9/Materials | Destroyed 8 combat bots 649 | -9/Materials | Discovered new exit (range 15) 665 | -9/Materials | Core integrity fell below 50% 726 | -9/Materials | Lost 10 parts (1p3n1u5w) 773 | -9/Materials | Core integrity fell below 20% 785 | -9/Materials | Destroyed by S-10 Pest with Light Assault Rifle Last Messages --------------- 00631_ Rocket Launcher destroyed. 00631_ Destroyed Rocket Launcher. 00632_ K-01 Serf collects debris. 00633_ The unstable cave ceiling collapses. 00635_ K-01 Serf collects debris. 00649_ EXIT=FOUND 00661_ Assault Rifle destroyed. 00673_ Critical hit (Burn: +37). 00674_ Y-45 Defender destroyed. 00675_ K-01 Serf collects debris. 00676_ Aluminum Leg destroyed. 00679_ K-01 Serf collects debris. 00695_ Mining Laser destroyed. 00723_ Y-45 Defender destroyed. 00733_ K-01 Serf collects debris. 00753_ R-06 Scavenger collects Imp. Ion Engine. 00755_ Acquired 31 matter. 00756_ R-06 Scavenger collects Lgt. Armor Plating. 00765_ Lgt. Assault Rifle destroyed. 00783_ S-10 Pest destroyed. Map ----- +----------------------------------------------------+ | ????????????????????????????????????????? | | ????????????????????????????????????????? | | ????????????????????????????????????????? | | ????????????????????????????????????????? | | ????????????????????????????????????????? | | ????????????????????????????????????????? | | ????????????????????????????????????????? | | ????????????????????????????????????????? | | ????????????????????????????????????????? | | ????????????????????????????????????????? | | ????????????????????????????????????????? | | ??????????????????????????????? ??????? | | ####??????????????????????????? < #?????? | | ??????????????????????????? #?????? | | ?????????????????????????+ +?????? | | ?????? ?????????????????# #?????? | | ##???????# #????????????????# #?????? | | ?????????# #???????????????## ##????? | | ?????????# #???????????????# #????? | | ?????????# #???????????????# #????? | | ?????????# #???????????????# #????? | | ?????????# #???????????????? #????? | | ?????????# #???????????????? #????? | | ??????#### ################## #?????? | | ? ??+ ss% # #?????? | | ##### #"""""#####r@ # #?????? | | [ "#?# + #?????? | | # [ # "### "" ; #?????? | | [%= % " ## S"" # #?????? | | % [ " ## "" # #?????? | | [ [ "########## #?????? | | # # # # = " #???????# ######? | | ### """""" ######### # = ? | | ??### # " ### + # # | | ??? # ##?# # # """ # | | ? # #######??# """ # # """ # | | ? ??##### #????????# """ # # """ # | | ????????# #????????# """ # # # | | ????????## ##????????# # # """ # | | ?????????# #?????????#####+## # """ # | | ?????????# #?????????????# + """ # | | ?????????# #?????????????# # # | | ?????????# #?????????????# # [# | | ????????? ?????????????# #] ! # | | ????????? T" ?????????????#+###+######## | | ????????? " ?????????????# =#??? | | ????????? ?? ?????????????# #??? | | ???????????????????????????# #??? | | ???????????????????????????# #??? | | ???????????????????????????# """ "" #??? | +----------------------------------------------------+ Best States ------------- Heat Dissipation 28 Energy Generation 10 Energy Capacity 125 Matter Stores 282 Matter Capacity 300 Sight Range 16 Terrain Scan Density 10 Armor Coverage 225 Evasion (%) 55 Offensive Hacking 10 Item Schematics ----------------- None Robot Schematics ------------------ None Fabricated ------------ Nothing Alien Tech Used ----------------- None Achievements -------------- None Challenges ------------ None Game ------ Seed HelicalMatterFlamer Manual? 0 Play Time 00:13:27 Cumulative 34.6 hours Start 2022.05.31 @ 18:17:57 End 2022.05.31 @ 18:28:05 Sessions 1 Manual Loads 0 Difficulty Rogue Special Mode None Game No. 78 Rogue 78 Adventurer 0 Explorer 0 Win Type - Total 0 Types 0/0/0/0/0/0/0/0/0 Lore% 25 Gallery% 23 Achievement% 23 Wizard Run 0 Options --------- ASCII 0 Keyboard 0 Movement Mouse Keybinds 0 Fullscreen 1 Font 12/Smallcaps Map View 83x54 Tactical HUD 1 Map Filters NONE Filters NONE Steam 1 RUN: 7819c3ea-8796-4881-8f5e-ab4eba3bd8d9